 Dungeon Crawl Stone Soup version 0.20-a0-548-g4f8a798 (webtiles) character file.

18514 Conn321 the Thaumaturge (level 12, -9/64 HPs)
             Began as a Deep Elf Wizard on Jan 30, 2017.
             Was a High Priest of Sif Muna.
             Mangled by Rupert
             ... wielding a +3 battleaxe of chopping
              (39 damage)
             ... while paralysed by Rupert
             ... on level 13 of the Dungeon on Feb 1, 2017.
             The game lasted 01:51:28 (17123 turns).

Conn321 the Thaumaturge (Deep Elf Wizard)          Turns: 17123, Time: 01:51:29

Health: -9/64      AC: 11    Str:  4    XL:     12   Next: 28%
Magic:  2/31       EV:  2    Int: 29    God:    Sif Muna [*****.]
Gold:   493        SH:  0    Dex: 13    Spells: 16/38 levels left

rFire    + . .     SeeInvis .   w - +9 staff of Olgreb {rPois}
rCold    . . .     Gourm    .   B - +2 robe of Slovenliness {Regen+ Stlth+}
rNeg     + . .     Faith    .   (no shield)
rPois    ∞         Spirit   .   b - +0 hat
rElec    .         Reflect  +   r - +2 cloak
rCorr    .         Harm     .   i - +0 pair of gloves
MR       +....                  j - +1 pair of boots
Stlth    ++++......             y - +4 amulet of reflection
Regen    0.6/turn               t - ring of protection from fire
                                f - ring of positive energy

@: paralysed, repel missiles
A: no striking features
a: Divine Energy, Channel Magic, Forget Spell, Renounce Religion


You were on level 13 of the Dungeon.
You worshipped Sif Muna.
Sif Muna was extremely pleased with you.
You were not hungry.

You visited 2 branches of the dungeon, and saw 15 of its levels.
You also visited: Ossuary.

You collected 733 gold pieces.
You spent 240 gold pieces at shops.

Inventory:

Hand Weapons
 h - a +1 short sword
 w - the +9 staff of Olgreb (weapon) {rPois}
   (You found it on level 7 of the Dungeon)

   It protects you from poison.
Missiles
 A - 19 tomahawks
 T - 5 javelins of returning (quivered)
Armour
 b - a +0 hat (worn)
 i - a +0 pair of gloves (worn)
 j - a +1 pair of boots (worn)
 r - a +2 cloak (worn)
 B - the +2 robe of Slovenliness (worn) {Regen+ Stlth+}
   (You found it on level 7 of the Dungeon)

   It increases your rate of regeneration.
   It makes you more stealthy.
 U - +0 acid dragon scales
Magical Staves
 P - an uncursed staff of summoning
Jewellery
 f - a ring of positive energy (left hand)
 t - a ring of protection from fire (right hand)
 y - a +4 amulet of reflection (around neck)
Wands
 a - a wand of iceblast (6/15)
 C - a wand of polymorph (9/24)
 D - a wand of disintegration (20/24)
 I - a wand of paralysis (12/24)
 J - a wand of acid (5/15)
 O - a wand of paralysis (14/24)
 R - a wand of lightning (8/15)
Scrolls
 e - a scroll of blinking
 k - 9 scrolls of teleportation
 p - 2 scrolls of summoning
 x - 6 scrolls of identify
 G - 4 scrolls of enchant weapon
 K - a scroll of fear
 L - 4 scrolls of remove curse
 M - a scroll of magic mapping
 Q - 2 scrolls of fog
 S - a scroll of amnesia
 X - a scroll of immolation
Potions
 l - 3 potions of heal wounds
 m - a potion of haste
 o - 6 potions of curing
 q - 3 potions of degeneration {unknown}
 s - 6 potions of lignification {unknown}
 u - 2 potions of invisibility {unknown}
 v - a potion of mutation {unknown}
 z - 2 potions of flight {unknown}
 F - 2 potions of brilliance {unknown}
 N - a potion of might {unknown}
Books
 c - a book of Minor Magic

   Spells                             Type                      Level
   a - Magic Dart                     Conjuration                  1
   b - Blink                          Translocation                2
   c - Call Imp                       Summoning                    2
   d - Repel Missiles                 Charms/Air                   2
   e - Slow                           Hexes                        2
   f - Conjure Flame                  Conjuration/Fire             3
   g - Mephitic Cloud                 Conjuration/Poison/Air       3
 g - Sif Muna's Tome of Igneous Bewitchment
   (Sif Muna gifted it to you on level 12 of the Dungeon)

   Spells                             Type                      Level
   a - Flame Tongue                   Conjuration/Fire             1
   b - Throw Flame                    Conjuration/Fire             2
   c - Summon Guardian Golem          Hexes/Summoning              3
   d - Fulminant Prism                Conjuration/Hexes            4
   e - Sticky Flame                   Conjuration/Fire             4
   f - Bolt of Magma                  Conjuration/Fire/Earth       5
   g - Summon Mana Viper              Hexes/Summoning              5
   h - Darkness                       Hexes                        6
Miscellaneous
 n - a lamp of fire
 H - a fan of gales (inert)
Comestibles
 d - 7 bread rations
 E - 6 royal jellies
 V - a fruit


   Skills:
 + Level 2.6 Fighting
 + Level 2.3 Short Blades
 + Level 2.4 Staves
 + Level 1.0 Throwing
 + Level 4.8 Armour
 + Level 5.4 Dodging
 + Level 6.6 Stealth
 + Level 13.5 Spellcasting
 * Level 11.8 Conjurations
 + Level 0.8 Charms
 + Level 3.3 Summonings
 + Level 2.9 Translocations
 + Level 4.9 Fire Magic
 + Level 3.1 Air Magic
 + Level 1.4 Earth Magic
 + Level 5.1 Poison Magic
 * Level 3.4 Invocations
 + Level 1.3 Evocations


You had 16 spell levels left.
You knew the following spells:

 Your Spells              Type           Power        Failure   Level  Hunger
a - Magic Dart            Conj           ####         1%          1    None
b - Blink                 Tloc           N/A          1%          2    None
c - Call Imp              Summ           #####...     1%          2    None
d - Mephitic Cloud        Conj/Pois/Air  ######..     1%          3    None
e - Conjure Flame         Conj/Fire      ######..     1%          3    None
f - Repel Missiles        Chrm/Air       ####..       1%          2    None
g - Bolt of Magma         Conj/Fire/Erth ######....   10%         5    #......
h - Sticky Flame          Conj/Fire      ######..     1%          4    None


Dungeon Overview and Level Annotations

Branches:
Dungeon (14/15)            Temple (1/1) D:5            Lair (0/6) D:11
 Vaults (0/5) D:14
    Orc: D:9-12

Altars:
Ashenzari
Cheibriados
Elyvilon
Hepliaklqana
Qazlal
Ru
Sif Muna
Uskayaw
Xom
Yredelemnul
The Shining One

Shops:
D:4 *   D:5 ?

Annotations:
D:5 1 exclusion
D:9 Lahna's ghost, novice CeGl
D:13 Frances; Rupert
D:14 Nessos; Urug


Message History

You feel a surge of power!
The ball explodes into a vile cloud!
The stinking cloud engulfs Rupert.
Rupert is almost dead.
Rupert is engulfed in noxious fumes.
Unknown command.
Rupert is engulfed in noxious fumes.
Rupert asks, "You're a monster, aren't you?"
Rupert screams, "Hurray!"
Rupert roars wildly at you.
You suddenly lose the ability to move!
Rupert looks excited.
Rupert yells loudly at you.
You struggle to resist.
Rupert roars madly and goes into a rage!
Rupert goes berserk!
Rupert hits you with a battleaxe of chopping.
Rupert hits you with a battleaxe of chopping!!
Rupert hits you with a battleaxe of chopping!!!
Ouch! That really hurt!
You die...

#.## # ....#
###.###
#..#####......#
#....>...#
##....####
#...# ##..###
##....#
#...#######
....... ##
#..........
.Z..... #.#
##.@........
....... #.#
#.@.........
....... #.##
##...########
.......
#...####....#
#...#.
#...##.†...#
#...##
#.......###
#..## ##.....##
#.... ##....##
#.... #.....#
#....


You could see Rupert (berserk).

Vanquished Creatures
  A hydra (D:12)
  A centaur warrior (D:10)
  3 two-headed ogres
  The ghost of Kwzr the Cleaver, a novice DsBe of Trog (D:8)
  An unseen horror (D:12)
  The ghost of Oki the Martial Artist, a novice OpFi of Sif Muna (D:7)
  A cyclops (D:11)
  4 ugly things (D:12)
  A wolf spider (D:12)
  3 manticores
  A gargoyle (D:12)
  2 trolls
  A queen bee (D:8)
  Grinder (D:6)
  A hornet (D:12)
  3 hippogriffs
  A wyvern (D:10)
  A human (D:4)
  2 wraiths (D:12)
  A hungry ghost (D:12)
  Menkaure (D:6)
  4 soldier ants (D:7)
  2 acid dragons (D:12)
  3 water moccasins (D:7)
  4 sky beasts
  5 orc warriors
  8 ice beasts
  A black bear (D:12)
  2 necrophages
  An eye of draining (D:13)
  5 ogres
  A centaur (D:11)
  A crocodile (D:12)
  A big kobold (D:12)
  5 bullfrogs
  A water moccasin zombie (D:11)
  A scorpion (D:5)
  21 killer bees
  7 howler monkeys
  3 wights (D:12)
  A centaur zombie (D:4)
  5 crimson imps
  5 jellies
  4 bullfrog zombies
  2 hounds
  11 orc wizards
  A quasit (D:8)
  5 orc priests
  3 centaur skeletons
  3 iguanas
  10 worker ants
  2 hound skeletons
  11 mummies (Ossuary)
  2 gnolls (D:9)
  14 adders
  4 shadow imps
  2 oozes
  An adder skeleton (D:4)
  3 dart slugs
  3 worms
  2 leopard geckos
  40 orcs
  A ball python (D:8)
  4 bats
  4 giant cockroaches
  9 goblins
  8 hobgoblins
  22 jackals
  3 quokkas
  7 frilled lizards
  3 gnoll skeletons (Ossuary)
  3 goblin skeletons
  A goblin zombie (D:4)
  2 jackal skeletons
  12 kobolds
  A kobold skeleton (Ossuary)
  2 orc skeletons (Ossuary)
  8 rats
  11 rat skeletons (Ossuary)
  A plant (D:10)
344 creatures vanquished.

Vanquished Creatures (collateral kills)
  A phantom (D:6)
  2 ogres
  The ghost of Schizzik the Slasher, an amateur DsGl (D:3)
  A bullfrog (D:7)
  3 killer bees (D:8)
  3 orc wizards
  A worker ant (D:7)
  A shadow imp (D:5)
  4 orcs
17 creatures vanquished.

Vanquished Creatures (others)
  2 killer bees (D:8)
  8 plants (D:10)
10 creatures vanquished.

Grand Total: 371 creatures vanquished

Notes
Turn   | Place    | Note
-------+----------+-------------------------------------------
     0 | D:1      | Conn321 the Deep Elf Wizard began the quest for the Orb.
     0 | D:1      | Reached XP level 1. HP: 10/10 MP: 7/7
   170 | D:1      | Reached XP level 2. HP: 12/15 MP: 2/9
   343 | D:1      | Reached skill level 5 in Spellcasting
   863 | D:1      | Learned a level 2 spell: Blink
   866 | D:1      | Learned a level 2 spell: Call Imp
   886 | D:2      | Reached XP level 3. HP: 17/19 MP: 4/11
   974 | D:2      | Found a hide-covered altar of Uskayaw.
  1365 | D:2      | Learned a level 3 spell: Mephitic Cloud
  1832 | D:3      | Noticed Schizzik's ghost (amateur DsGl)
  1879 | D:3      | Reached XP level 4. HP: 24/24 MP: 11/13
  1977 | D:2      | Learned a level 3 spell: Conjure Flame
  1980 | D:2      | Learned a level 2 spell: Repel Missiles
  2785 | D:4      | Reached skill level 1 in Poison Magic
  3018 | D:4      | Found a runed door.
  3018 | D:4      | Noticed a human
  3027 | D:4      | Found a basalt altar of Yredelemnul.
  3155 | D:4      | Killed a human
  3155 | D:4      | Reached skill level 1 in Short Blades
  3155 | D:4      | Reached skill level 6 in Spellcasting
  3155 | D:4      | Reached XP level 5. HP: 12/28 MP: 6/15
  3397 | D:4      | Reached skill level 1 in Armour
  3445 | D:4      | Found Jeajicw's General Store.
  3447 | D:4      | Reached XP level 6. HP: 32/32 MP: 13/17
  3461 | D:4      | Bought a +0 cloak for 54 gold pieces
  3461 | D:4      | Bought a potion of heal wounds for 60 gold pieces
  3532 | D:4      | Found a white marble altar of Elyvilon.
  3532 | D:4      | Noticed an ice beast
  3607 | D:5      | Entered Level 5 of the Dungeon
  4605 | D:3      | Killed Schizzik's ghost
  4688 | D:3      | Found a shattered altar of Ashenzari.
  4939 | D:3      | Upgraded the game from 0.20-a0-540-ge6d1839 to 0.20-a0-544-g2b9a704
  5166 | D:4      | Killed an ice beast
  5166 | D:4      | Reached skill level 7 in Spellcasting
  5166 | D:4      | Reached XP level 7. HP: 22/37 MP: 0/19
  5833 | D:5      | Found a staircase to the Ecumenical Temple.
  5849 | Temple   | Entered the Ecumenical Temple
  5871 | Temple   | Became a worshipper of Sif Muna the Loreminder
  6332 | D:5      | Reached skill level 1 in Air Magic
  6621 | D:5      | Reached skill level 1 in Fighting
  6707 | D:5      | Found Wipto's Magic Scroll Emporium.
  6717 | D:5      | Bought a scroll of blinking for 90 gold pieces
  6717 | D:5      | Bought a scroll of teleportation for 36 gold pieces
  6829 | D:6      | Noticed Grinder
  6859 | D:6      | Killed Grinder
  6859 | D:6      | Reached XP level 8. HP: 38/43 MP: 11/21
  6994 | D:6      | Found a hazy altar of Hepliaklqana.
  6995 | D:6      | Found a shimmering altar of Xom.
  6996 | D:6      | Noticed a spectral ugly thing
  7035 | D:6      | Reached skill level 8 in Spellcasting
  7054 | D:6      | Found a sand-covered staircase.
  7068 | Ossuary  | Entered an ossuary
  7213 | Ossuary  | Reached skill level 1 in Fire Magic
  7243 | Ossuary  | Reached * piety under Sif Muna
  8190 | D:6      | Noticed Menkaure
  8206 | D:6      | Killed Menkaure
  8206 | D:6      | Reached skill level 5 in Conjurations
  8677 | D:7      | Found a runed gate.
  8689 | D:7      | Found a runed gate.
  8689 | D:7      | Found a runed gate.
  8698 | D:7      | Found a runed door.
  8704 | D:7      | Upgraded the game from 0.20-a0-544-g2b9a704 to 0.20-a0-548-g4f8a798
  8708 | D:7      | Found a runed door.
  8750 | D:7      | Got an ichor-stained robe
  8761 | D:7      | Identified the +2 robe of Slovenliness {Regen+ Stlth+} (You found it on level 7 of the Dungeon)
  8833 | D:7      | Reached ** piety under Sif Muna
  8992 | D:7      | Reached skill level 9 in Spellcasting
  8992 | D:7      | Reached XP level 9. HP: 45/47 MP: 8/24
  9004 | D:7      | Noticed Oki's ghost (novice OpFi)
  9056 | D:7      | Killed Oki's ghost
  9471 | D:7      | Reached skill level 5 in Stealth
  9742 | D:8      | Found a sacrificial altar of Ru.
  9996 | D:7      | Reached skill level 1 in Throwing
  9996 | D:7      | Reached skill level 10 in Spellcasting
 10117 | D:8      | Noticed Kwzr's ghost (novice DsBe)
 10488 | D:7      | Reached *** piety under Sif Muna
 10491 | D:7      | Reached XP level 10. HP: 46/52 MP: 12/26
 10653 | D:8      | Killed Kwzr's ghost
 11420 | D:8      | Noticed a two-headed ogre
 11432 | D:8      | Reached skill level 11 in Spellcasting
 11457 | D:8      | Killed a two-headed ogre
 11889 | D:8      | Reached **** piety under Sif Muna
 12068 | D:9      | Noticed a two-headed ogre
 12089 | D:9      | Killed a two-headed ogre
 12089 | D:9      | Reached skill level 1 in Staves
 12142 | D:9      | Noticed Lahna's ghost (novice CeGl)
 12155 | D:10     | Entered Level 10 of the Dungeon
 12273 | D:10     | Noticed a centaur warrior
 12283 | D:10     | Killed a centaur warrior
 12283 | D:10     | Reached XP level 11. HP: 57/57 MP: 12/28
 12820 | D:10     | Noticed a two-headed ogre
 13071 | D:11     | Reached skill level 10 in Conjurations
 13259 | D:11     | Found a staircase to the Lair.
 13675 | D:11     | Reached ***** piety under Sif Muna
 13675 | D:11     | Reached skill level 12 in Spellcasting
 14041 | D:12     | Noticed a purple ugly thing
 14054 | D:12     | Killed a purple ugly thing
 14054 | D:12     | Reached skill level 5 in Dodging
 14057 | D:12     | Identified Sif Muna's Tome of Igneous Bewitchment (Sif Muna gifted it to you on level 12 of the Dungeon)
 14057 | D:12     | Received a gift from Sif Muna
 14288 | D:12     | Learned a level 5 spell: Bolt of Magma
 14290 | D:12     | Killed an unseen horror
 14304 | D:12     | Noticed a two-headed ogre
 14329 | D:12     | Reached skill level 1 in Evocations
 14470 | D:12     | Learned a level 4 spell: Sticky Flame
 14603 | D:12     | Killed a two-headed ogre
 14603 | D:12     | Reached skill level 5 in Poison Magic
 14646 | D:12     | Reached skill level 1 in Invocations
 15388 | D:12     | Noticed a wolf spider
 15397 | D:12     | Killed a wolf spider
 15539 | D:12     | Reached skill level 13 in Spellcasting
 15642 | D:12     | Noticed a six-headed hydra
 15644 | D:12     | Killed a six-headed hydra
 15644 | D:12     | Reached skill level 1 in Earth Magic
 15644 | D:12     | Reached XP level 12. HP: 63/63 MP: 10/31
 15850 | D:12     | Found a stormy altar of Qazlal.
 16318 | D:13     | Noticed a death knight
 16484 | D:13     | Noticed Frances
 16902 | D:14     | Found a gate to the Vaults.
 16902 | D:14     | Noticed Nessos
 16902 | D:14     | Noticed Urug
 16902 | D:14     | Noticed a two-headed ogre
 17086 | D:13     | Noticed Rupert
 17109 | D:13     | Paralysed by Rupert for 2 turns
 17117 | D:13     | Paralysed by Rupert for 7 turns
 17123 | D:13     | Mangled by Rupert

Vault maps used:
D:1:      lightli_arrival_lavapool, roderic_malta_cross
D:2:      nicolae_overflow_hidden_temple, kennysheep_doodads, st_stairs_14
D:3:      lemuel_coloured_pillars_altar
D:4:      elyvilon_altar_5, serial_shops, shop, dk_yredelemnul_ordeal
D:5:      temple_pool_b, serial_shops, shop, first_bread
D:6:      regret_index_temple_of_mockery, nicolae_ossuary_entry_monument,
          hangedman_decor_opposing, uniq_grinder, uniq_menkaure
D:7:      minmay_guarded_unrand_staff_of_olgreb
D:8:      david_nohive_1, grunt_ministairs_15, nicolae_ru_sacrificial_ziggurat
D:9:      erik_orc_3, grunt_ministairs_14, kennysheep_generic_room_13
D:10:     serial_bayou, serial_bayou_lagoon_a, serial_bayou_pond_e,
          serial_bayou_crossing, serial_bayou_lake_a
D:11:     lair_entry_dummy
D:12:     minmay_ruined_shrine
D:13:     serial_shops, nicolae_shop_waterfront, david_greed, uniq_frances,
          uniq_sonja, uniq_rupert
D:14:     minmay_outward_triangles, david_vaults_3, minivault_11,
          lightli_corner_chamber
Temple:   eino_temple_scatter_basement
Ossuary:  ossuary_due_small_catacomb

Skill      XL: |  1  2  3  4  5  6  7  8  9 10 11 12 |
---------------+-------------------------------------+-----
Spellcasting   | 5 6 7 9 10 11 13 | 13.5
Stealth        | 3 4 5 6 |  6.6
Dodging        | 3 4 5 |  5.4
Conjurations   | 2 3 4 5 7 9 11 | 11.8
Poison Magic   | 2 3 4 5 |  5.1
Short Blades   | 1 2 |  2.3
Armour         | 1 2 3 4 |  4.8
Air Magic      | 1 2 3 |  3.1
Summonings     | 2 3 |  3.3
Fighting       | 1 2 |  2.6
Fire Magic     | 2 4 |  4.9
Translocations | 2 |  2.9
Throwing       | 1 |  1.0
Staves         | 1 2 |  2.4
Evocations     | 1 |  1.3
Invocations    | 2 3 |  3.4
Earth Magic    | 1 |  1.4
Charms         | |  0.8

Action                   |  1- 3 |  4- 6 |  7- 9 | 10-12 || total
-------------------------+-------+-------+-------+-------++-------
Melee: Short sword       |    26 |    56 |    67 |       ||   149
       Unarmed           |     1 |       |       |       ||     1
       Long sword        |       |     8 |       |       ||     8
       Staff             |       |       |     7 |   207 ||   214
Throw: Javelin           |     3 |     7 |     3 |       ||    13
       Tomahawk          |       |     8 |     6 |       ||    14
 Cast: Magic Dart        |    97 |   167 |   368 |   453 ||  1085
       Call Imp          |       |    20 |    20 |     4 ||    44
       Conjure Flame     |       |    15 |    22 |    19 ||    56
       Blink             |       |    10 |    16 |    22 ||    48
       Mephitic Cloud    |       |     5 |    17 |    78 ||   100
       Bolt of Magma     |       |       |       |    39 ||    39
       Sticky Flame      |       |       |       |    16 ||    16
       Repel Missiles    |       |       |       |     1 ||     1
Evoke: Wand              |       |     2 |       |     8 ||    10
       Staff of Olgreb   |       |       |       |     1 ||     1
       Lamp of fire      |       |       |       |     1 ||     1
       Fan of gales      |       |       |       |     1 ||     1
  Use: Scroll            |     3 |     6 |     5 |     7 ||    21
       Potion            |     1 |     1 |       |     5 ||     7
 Stab: Sleeping          |     4 |       |     5 |     6 ||    15
       Confused          |       |     2 |     6 |    13 ||    21
       Distracted        |       |       |     1 |       ||     1
  Eat: Chunk             |     3 |     4 |    13 |    10 ||    30
       Meat ration       |       |     1 |       |     2 ||     3
       Royal jelly       |       |       |     2 |     1 ||     3
Armor: Robe              |    15 |       |     9 |    66 ||    90
       Leather armour    |       |    24 |    42 |       ||    66
Dodge: Dodged            |    65 |    74 |   102 |   153 ||   394
       Deflected         |       |       |       |     2 ||     2
Block: Other             |       |       |       |    43 ||    43
       Reflection        |       |       |       |     5 ||     5
       Rpst.: Long sword |       |     1 |       |       ||     1
